 Dungeon Crawl Stone Soup version 0.32-a0-42-ga30500b4d3 (webtiles) character file.

Game seed: 16936978236227798636

322 Dittersdorf the Covered (level 6, -5/39 HPs)
             Began as a Gargoyle Fighter on Jan 29, 2024.
             Slain by a gnoll
             ... wielding a +0 halberd
             ... led by a gnoll bouda
              (9 damage)
             ... on level 4 of the Dungeon.
             The game lasted 00:03:38 (2599 turns).

Dittersdorf the Covered (Gargoyle Fighter)          Turns: 2599, Time: 00:03:38

Health: -5/39      AC: 15    Str: 28    XL:     6   Next: 47%
Magic:  6/6        EV:  8    Int:  8    God:
Gold:   251        SH:  4    Dex:  9    Spells: 5/5 levels left

rFire   . . .        a - +0 flail
rCold   . . .        c - +0 buckler
rNeg    + . .        h - +0 chain mail
rPois   ∞            (no helmet)
rElec   +            f - +0 cloak
rCorr   .            (no gloves)
SInv    .            (no boots)
Will    .....        n - amulet of magic regeneration Stlth
                     u - +6 ring of strength
HPRegen 0.26/turn    (no ring)
MPRegen 0.50/turn

%: no passive effects
@: no status effects
A: sickness immunity, AC +4, negative energy resistance 1, electricity
resistance, torment resistance 1, petrification resistance
a: no special abilities


You were on level 4 of the Dungeon.
You visited 1 branch of the dungeon, and saw 4 of its levels.

You collected 251 gold pieces.

Inventory:

Hand Weapons
 a - a +0 flail (weapon)
Armour
 c - a +0 buckler (worn)
 f - a +0 cloak (worn)
 h - a +0 chain mail (worn)
Magical Staves
 r - a staff of earth
Jewellery
 n - an amulet of magic regeneration (around neck)
 u - a +6 ring of strength (left hand)
Scrolls
 i - a scroll of enchant armour {unknown}
 k - 2 scrolls of poison {unknown}
 l - a scroll of brand weapon {unknown}
 p - a scroll of vulnerability {unknown}
 s - a scroll of teleportation {unknown}
 t - a scroll of identify {unknown}
Potions
 b - 2 potions of enlightenment {unknown}
 d - 2 potions of might
 e - a potion of heal wounds {unknown}
 g - 4 potions of curing {unknown}
 j - 3 potions of haste {unknown}
 m - 2 potions of degeneration {unknown}
 o - a potion of lignification {unknown}


   Skills:
 + Level 4.7 Fighting
 + Level 3.7 Maces & Flails
 + Level 4.8 Armour
 + Level 4.7 Shields


You had 5 spell levels left.
You didn't know any spells.
Your spell library contained the following spells:

 Spells                   Type           Power      Damage    Failure   Level
 Call Canine Familiar     Summ           0%         N/A       100%        3
 Sigil of Binding         Hex            0%         N/A       100%        3
 Summon Ice Beast         Ice/Summ       0%         N/A       100%        3
 Dimensional Bullseye     Hex/Tloc       0%         N/A       100%        4
 Summon Mana Viper        Hex/Summ       0%         N/A       100%        5
 Monstrous Menagerie      Summ           0%         N/A       100%        7


Dungeon Overview and Level Annotations

Branches:
Dungeon (4/15)
 Temple: D:4-7

Altars:
Gozag
Wu Jian

Shops:
D:2 ?


Innate Abilities, Weirdness & Mutations

You are immune to sickness and miasma.
Your stone body is resilient. (AC +4)
You are immune to poison.
You resist negative energy. (rN+)
You are resistant to electric shocks. (rElec)
You are resistant to unholy torment.
You are immune to petrification.


Message History

Your attacks no longer feel as feeble.
The gnoll bouda gazes fiercely through you!
You feel your attacks grow feeble.
Throw: throwing net
Press: ? - help, Q - select action Shift-Dir - straight line, f - gnoll bouda
Aim: a gnoll bouda, wielding a +0 short sword and wearing a +0 leather armour (56% to hit)
You throw a throwing net. The throwing net hits the gnoll bouda.
The gnoll bouda is caught in the net!
Your attacks no longer feel as feeble.
The gnoll bouda struggles against the net.
The gnoll hits you but does no damage.
The gnoll bouda struggles against the net.
You hit the gnoll bouda but do no damage.
The gnoll hits you from afar with a +0 halberd!
The gnoll bouda barks out a call to the hunt!
The gnoll picks up the pace!
The gnoll bouda struggles against the net.
You hit the gnoll bouda but do no damage.
The gnoll hits you but does no damage.
You barely miss the gnoll bouda.
The gnoll is no longer moving quickly.
You block the gnoll's attack.
The gnoll bouda struggles against the net.
The gnoll barely misses you.
You sock the gnoll bouda!
The gnoll bouda is severely wounded.
The gnoll is no longer moving quickly. x2
The gnoll bouda barks out a call to the hunt!
The gnolls pick up the pace!
The gnoll bouda struggles against the net.
The net rips apart, and the gnoll bouda comes free!
The gnoll hits you from afar with a +0 halberd.
You hit the gnoll bouda.
The gnoll bouda is severely wounded.
The gnoll hits you from afar with a +0 halberd!
* * * LOW HITPOINT WARNING * * *
The gnoll bouda hits you but does no damage.
You thump the gnoll bouda!
You kill the gnoll bouda!
The gnoll hits you from afar with a +0 halberd!
You die...

#.....##.#.# #.....##.#.####
#.....##....[..
#.....##.###### ******
#.....##)# ## *,,,,*
#.....'.)# #. *,,,,*
#.....#..#####.
#,,,,########............#.
#..,,#ggg)@..........###.#.
#....#g#####+###+#.#...#..#
#....'.^.#,,,,,#.#'#...#...
#...)#.#g#,,,,,#.....#.#...
*####.#.#.#,,,,,#.....'..#.#
*,,,.,#.#.#*#+###.....#..#.#
*,*##*#.#g# #.#.......#....#
*,*,,,..#g# #.#.###'###.##.#
*,*,**#.#.# #.#..##.# #.##.#


You could see 4 gnolls.

Vanquished Creatures
  A bombardier beetle (D:3)
  An orc priest (D:4)
  A gnoll bouda (D:4)
  3 orc wizards
  3 gnolls (D:2)
  6 adders
  3 dart slugs
  2 ribbon worms
  16 orcs
  7 ball pythons
  6 bats
  2 endoplasms
  3 giant cockroaches
  A goblin (D:3)
  6 hobgoblins
  4 jackals (D:4)
  2 quokkas
  4 frilled lizards
  5 kobolds
  9 rats
85 creatures vanquished.

Notes
Turn   | Place    | Note
-------+----------+-------------------------------------------
     0 | D:1      | Dittersdorf the Gargoyle Fighter began the quest for the
                  | Orb.
     0 | D:1      | Reached XP level 1. HP: 14/14 MP: 1/1
   234 | D:1      | Found a faded altar of an unknown god.
   319 | D:1      | Reached XP level 2. HP: 14/19 MP: 2/2
   556 | D:2      | Reached XP level 3. HP: 23/23 MP: 3/3
   676 | D:2      | Reached XP level 4. HP: 7/29 MP: 4/4
   953 | D:2      | Found Diwkeotu's Magic Scroll Shop.
  1537 | D:3      | Reached XP level 5. HP: 33/33 MP: 5/5
  2132 | D:4      | Reached XP level 6. HP: 39/39 MP: 6/6
  2326 | D:4      | Found an ornate altar of the Wu Jian Council.
  2566 | D:4      | Found an opulent altar of Gozag.
  2599 | D:4      | Slain by a gnoll

Illustrated notes

Levels and vault maps discovered:
D:1:      nzn_arrival_water_spiral, layout_rooms, basic_ecumenical_altar
D:2:      layout_basic, serial_shops, nicolae_shop_back_alley_shop
D:3:      minmay_bubble_buster, layout_basic
D:4:      layout_basic, kennysheep_mini, pdpol_wu_jian_five_deadly_venoms

Skill      XL: |  1  2  3  4 |
---------------+-------------+-----
Armour         | 4 |  4.8
Fighting       | 4 |  4.7
Shields        | 4 |  4.7
Maces & Flails | 3 |  3.7

Action                     |  1- 3 |  4- 6 || total
---------------------------+-------+-------++-------
  Melee: Flail             |    90 |   207 ||   297
  Throw: Throwing net      |       |     1 ||     1
    Use: Scroll            |       |     1 ||     1
 Armour: Scale mail        |    11 |       ||    11
         Chain mail        |    85 |   164 ||   249
  Dodge: Dodged            |    47 |    89 ||   136
  Block: Buckler           |    30 |    48 ||    78

Table legend: (Time is in decaauts)
 A = Elapsed time spent in this place.
 B = Non-inter-level travel time spent in this place.
 C = Inter-level travel time spent in this place.
 D = Time resting spent in this place.
 E = Time spent auto-exploring this place.
 F = Levels seen in this place.
 G = Mean time per level.
                   A        B        C        D        E       F      G
               +--------+--------+--------+--------+--------+-----+--------+
         Total |   2683 |   2524 |    159 |      0 |   1785 |   4 |  670.8 |
       Dungeon |   2683 |   2524 |    159 |      0 |   1785 |   4 |  670.8 |
               +--------+--------+--------+--------+--------+-----+--------+

Top non-repeatable levels by time:
     D:3: 827 daAuts
     D:2: 739 daAuts
     D:4: 583 daAuts
     D:1: 532 daAuts
